 Dungeon Crawl Stone Soup version 0.23.0 (webtiles) character file.

Game seed: 12613262418404048083

81 Murks the Insei (level 4, -1/32 HPs)
             Began as a Demonspawn Transmuter on Feb 19, 2019.
             Slain by a jackal (2 damage)
             ... on level 3 of the Dungeon.
             The game lasted 00:06:31 (2660 turns).

Murks the Insei (Demonspawn Transmuter)             Turns: 2660, Time: 00:06:32

Health: -1/32      AC:  3    Str: 10    XL:     4   Next: 19%
Magic:  3/7        EV: 12    Int: 21    God:
Gold:   94         SH:  4    Dex: 13    Spells: 3/7 levels left

rFire    . . .     SeeInvis .     - Unarmed
rCold    . . .     Gourm    .   (no shield)
rNeg     . . .     Faith    .   b - +0 robe
rPois    .         Spirit   .   (no helmet)
rElec    .         Reflect  .   (no cloak)
rCorr    .         Harm     .   (no gloves)
MR       .....                  e - +0 pair of boots
Stlth    +.........             (no amulet)
HPRegen  0.10/turn              (no ring)
MPRegen  0.10/turn              (no ring)

@: brilliant, appendage, very slightly contaminated
A: horns 2, large bone plates 1, rot immunity
a: End Transformation


You were on level 3 of the Dungeon.
You were not hungry.
You had grown temporary horns.
You visited 1 branch of the dungeon, and saw 3 of its levels.

You collected 94 gold pieces.

Inventory:

Hand Weapons
 o - a +0 hunting sling
Missiles
 a - 12 arrows
 c - 68 stones (quivered)
Armour
 b - a +0 robe (worn)
 e - a +0 pair of boots (worn)
Scrolls
 f - 2 scrolls of identify {unknown}
 h - 3 scrolls of teleportation {unknown}
 i - a scroll of random uselessness {unknown}
 k - a scroll of blinking {unknown}
Potions
 g - a potion of heal wounds {unknown}
 j - a potion of brilliance
 l - a potion of degeneration {unknown}
 m - a potion of might {unknown}
Comestibles
 d - 7 rations
 n - a chunk of flesh


   Skills:
 - Level 1.0 Fighting
 - Level 1.7 Dodging
 * Level 4.0 Unarmed Combat
 - Level 2.0 Spellcasting
 + Level 2.6 Transmutations
 + Level 0.9 Poison Magic


You had 3 spell levels left.
You knew the following spells:

 Your Spells              Type           Power        Failure   Level  Hunger
a - Beastly Appendage     Tmut           ####..       1%          1    #......
b - Spider Form           Tmut/Pois      ###.......   2%          3    ###....

Your spell library contained the following spells:

 Spells                   Type           Power        Failure   Level  Hunger
 Sticks to Snakes         Tmut           ####....     1%          2    ##.....
 Ice Form                 Ice/Tmut       ###.....     10%         4    #####..
 Blade Hands              Tmut           ####......   14%         5    ######.


Dungeon Overview and Level Annotations

Branches:
Dungeon (3/15)

Altars:


Innate Abilities, Weirdness & Mutations

You are partially covered in large bone plates. (SH +4)
You are immune to rotting.
You have a pair of horns on your head.


Message History

You hit the goblin.
The goblin is moderately wounded.
The jackal closely misses you. x2; The goblin hits you with a +0 club.
* * * LOW HITPOINT WARNING * * *
The goblin closely misses you.
You hit the goblin.
The goblin is heavily wounded.
The jackal bites you.
* * * LOW HITPOINT WARNING * * *
The goblin hits you with a +0 dagger.
* * * LOW HITPOINT WARNING * * *
The jackal bites you but does no damage.
The jackal misses you. The goblin hits you with a +0 dagger.
* * * LOW HITPOINT WARNING * * *
It was a potion of brilliance.
You feel clever all of a sudden. The jackal misses you.
You block the goblin's attack. The goblin barely misses you.
The jackal closely misses you. The jackal bites you.
You die...

#.# #.# #.# #.# #.#
hg######### #.#
hKggK((.g.## ##.#
g.#######gh####..###
##g@.......#
#hgg......#
#...).....#
#.........#
#.........#
#.........#
#.........#
#.........#
#...>.....#


You could see 2 jackals and 5 goblins.

Vanquished Creatures
  Robin (D:3)
  2 adders
  A worm (D:2)
  2 dart slugs
  2 leopard geckos
  2 giant cockroaches
  7 goblins
  3 hobgoblins (D:1)
  A jackal (D:2)
  7 kobolds
  A quokka (D:2)
  6 bats
  3 frilled lizards
  4 rats
42 creatures vanquished.

Notes
Turn   | Place    | Note
-------+----------+-------------------------------------------
     0 | D:1      | Murks the Demonspawn Transmuter began the quest for the
                  | Orb.
     0 | D:1      | Reached XP level 1. HP: 15/15 MP: 3/3
   167 | D:1      | Reached skill level 3 in Unarmed Combat
   216 | D:1      | Gained mutation: You are partially covered in large bone
                  | plates. (SH +4) [demonic ancestry]
   216 | D:1      | Reached XP level 2. HP: 21/21 MP: 3/5
  1156 | D:2      | Found a faded altar of an unknown god.
  1184 | D:2      | Gained mutation: You are immune to rotting. [demonic
                  | ancestry]
  1184 | D:2      | Reached XP level 3. HP: 24/26 MP: 4/6
  1205 | D:2      | Learned a level 3 spell: Spider Form
  2371 | D:3      | Noticed Robin
  2382 | D:3      | Killed Robin
  2382 | D:3      | Reached XP level 4. HP: 26/32 MP: 7/7
  2397 | D:2      | Reached skill level 4 in Unarmed Combat
  2659 | D:3      | HP: 1/32 [goblin/+0 dagger[Robin] (3)]
  2660 | D:3      | Slain by a jackal

Skill      XL: |  1  2  3  4 |
---------------+-------------+-----
Transmutations | 2 |  2.6
Unarmed Combat | 3 4 |  4.0
Fighting       | |  1.0
Dodging        | |  1.7
Spellcasting   | |  2.0
Poison Magic   | |  0.9

Action                   |  1- 3 |  4- 6 || total
-------------------------+-------+-------++-------
Melee: Unarmed           |   128 |    23 ||   151
       Kick              |     2 |       ||     2
       Headbutt          |    10 |     3 ||    13
Throw: Stone             |    50 |       ||    50
 Cast: Beastly Appendage |    20 |     3 ||    23
       Spider Form       |     1 |       ||     1
  Use: Potion            |       |     1 ||     1
 Stab: Sleeping          |     1 |       ||     1
  Eat: Chunk             |     4 |     2 ||     6
Armor: Robe              |    21 |    13 ||    34
Dodge: Dodged            |    64 |    23 ||    87
Block: Other             |    23 |    12 ||    35
